 Dungeon Crawl Stone Soup version 0.15.2 (webtiles) character file.

585 HiobMontag the Skirmisher (level 7, 0/61 HPs)
             Began as a Hill Orc Fighter on Dec 12, 2014.
             Slain by an ogre
             ... wielding a +0 giant club
              (11 damage)
             ... on Level 4 of the Dungeon on Dec 13, 2014.
             The game lasted 00:25:17 (4510 turns).

HiobMontag the Skirmisher (Hill Orc Fighter)        Turns: 4510, Time: 00:25:17

HP   0/61        AC 12     Str 21      XL: 7   Next: 37%
MP   7/7         EV  5     Int  8      God:
Gold 225         SH  9     Dex 10      Spells:  0 memorised,  6 levels left

rFire  . . .     SeeInvis .     x - +0 spear
rCold  . . .     Clarity  .     m - +0 chain mail
rNeg   . . .     rCorr    .     c - +0 shield
rPois  .         rRot     .     (no helmet)
rElec  .         Spirit   .     (no cloak)
SustAb +         Warding  .     f - +0 pair of gloves
rMut   .         Stasis   .     j - +0 pair of boots
Gourm  .                        q - amulet of rage
MR     .....                    (no ring)
                                s - ring of sustain abilities

@: not resistant to hostile enchantments, extremely unstealthy
A: no striking features
a: Evoke Berserk Rage


You were on level 4 of the Dungeon.
You were not hungry.

You visited 1 branch of the dungeon, and saw 5 of its levels.

You collected 225 gold pieces.

Inventory:

Hand weapons
 a - a +0 trident
 x - a +0 spear (weapon)
Armour
 b - a +0 scale mail
 c - a +0 shield (worn)
 f - a +0 pair of gloves (worn)
 j - a +0 pair of boots (worn)
 m - a +0 chain mail (worn)
 y - a +0 large shield
Magical devices
 u - a wand of enslavement (20) {unknown}
Comestibles
 d - a meat ration
 h - a beef jerky
 n - 6 bread rations
 p - 2 fruits
 z - 2 chunks of orc flesh
Scrolls
 g - 3 scrolls of identify
 k - 2 scrolls of teleportation {unknown}
 l - a scroll of recharging {unknown}
 o - 2 scrolls of immolation {unknown}
 t - a scroll of fog {unknown}
 v - a scroll of blinking {unknown}
 w - 2 scrolls of magic mapping {unknown}
 A - a scroll of enchant weapon {unknown}
Jewellery
 q - an amulet of rage (around neck)
 s - a ring of sustain abilities (left hand)
Potions
 e - 4 potions of might
 i - a potion of curing {unknown}
 r - a potion of poison {unknown}
 B - a potion of agility {unknown}
 D - 2 potions of heal wounds {unknown}
Books
 C - a book of Burglary

   Spells                             Type                      Level
   Swiftness                          Charms/Air                   2
   Passwall                           Transmutation/Earth          3
   Passage of Golubria                Translocation                4
   Lee's Rapid Deconstruction         Earth                        5
   Invisibility                       Hexes                        6
   Darkness                           Hexes                        7


   Skills:
 + Level 5.0 Fighting
 + Level 4.1 Polearms
 + Level 4.9 Armour
 + Level 3.1 Dodging
 + Level 0.5 Stealth
 + Level 4.8 Shields


You had 6 spell levels left.
You didn't know any spells.

Dungeon Overview and Level Annotations

Branches:
Dungeon (5/15)
 Temple: D:4-7

Altars:
Elyvilon


Message History

The ogre is lightly wounded.
You hit the ogre.
The ogre is moderately wounded.
The ogre hits you with a giant club!!
You barely miss the ogre.
The ogre is moderately wounded.
The ogre barely misses you.
You hit the ogre.
The ogre is moderately wounded.
The ogre hits you with a giant club!
* * * LOW HITPOINT WARNING * * *
You are too injured to fight recklessly!
Drink which item? (? for menu, Esc to quit)
Okay, then.
Read which item? (? for menu, Esc to quit)
Okay, then.
You are too injured to fight recklessly!
There is an escape hatch in the ceiling here.
The ogre hits you with a giant club!
You die...

............#####.....####.....##
............# ##...## ##....#
.#......##..## #...# ###.###
.......#####.## ##...## ### #
........# ##.###.>##.## #
#.......## ##.(..####.##
##...%#..## #...## ##.##
##...##..## ##.O# ##.##
##...##..###..@## ##.##
#####...##........## #..##
.##..#...#.....###.## ##..#
#...###.......## ##.# ##.##
.....###.......# #.# ##..#
......#........# #.# #...#
...............####.# ##..##
#....#...##...##.##.# ##.###
##..###.###...###.#.####)## ###


You could see an ogre.

Vanquished Creatures
  3 ogres (D:4)
  2 scorpions (D:4)
  2 hounds
  An ogre skeleton (D:4)
  7 adders
  2 worms (D:3)
  2 giant geckos
  An ooze (D:2)
  6 orcs
  4 giant cockroaches
  15 goblins
  8 hobgoblins
  A jackal (D:2)
  7 kobolds
  2 ball pythons
  10 bats
  2 giant newts (D:1)
  A giant spore (D:3)
  A hobgoblin skeleton (D:4)
  A quokka (D:3)
  10 rats
  A rat skeleton (D:4)
  A ballistomycete (D:3)
  A fungus (D:3)
91 creatures vanquished.

Notes
Turn   | Place    | Note
--------------------------------------------------------------
     0 | D:1      | HiobMontag, the Hill Orc Fighter, began the quest for the Orb.
     0 | D:1      | Reached XP level 1. HP: 19/19 MP: 1/1
   239 | D:1      | Reached XP level 2. HP: 27/27 MP: 2/2
   343 | D:1      | Reached skill level 4 in Fighting
   762 | D:2      | Reached XP level 3. HP: 33/33 MP: 3/3
  1700 | D:3      | Reached XP level 4. HP: 36/40 MP: 4/4
  2038 | D:3      | Reached skill level 1 in Dodging
  2088 | D:3      | Found a white marble altar of Elyvilon.
  2579 | D:3      | Reached XP level 5. HP: 32/47 MP: 5/5
  2713 | D:4      | Noticed an ogre
  2721 | D:4      | Killed an ogre
  2721 | D:4      | Reached XP level 6. HP: 29/53 MP: 6/6
  3030 | D:4      | Noticed an ogre
  3074 | D:4      | Killed an ogre
  3614 | D:4      | Reached XP level 7. HP: 52/60 MP: 7/7
  3696 | D:4      | Noticed an ogre
  3707 | D:4      | Killed an ogre
  4261 | D:4      | Reached skill level 5 in Fighting
  4496 | D:5      | Entered Level 5 of the Dungeon
  4510 | D:4      | Slain by an ogre

Action                   |  1- 3 |  4- 6 |  7- 9 || total
-------------------------+-------+-------+-------++-------
Melee: Trident           |   143 |   244 |    15 ||   402
       Spear             |       |       |    69 ||    69
  Use: Scroll            |     1 |       |     2 ||     3
  Eat: Chunk             |     1 |     7 |     3 ||    11
       Beef jerky        |       |     1 |       ||     1
